 Dungeon Crawl Stone Soup version 0.29.1-1-gd02db6906a (webtiles) character file.

Game seed: 4092238803893559410

211 fireball365 the Chopper (level 5, -2/47 HPs)
             Began as a Minotaur Fighter on Oct 22, 2022.
             Was a Plaything of Xom.
             Slain by a gnoll
             ... wielding a +1 halberd of freezing
              (6 damage)
             ... on level 3 of the Dungeon.
             The game lasted 00:11:09 (2763 turns).

fireball365 the Chopper (Minotaur Fighter)          Turns: 2763, Time: 00:11:10

Health: -2/47      AC:  9    Str: 20    XL:     5   Next: 57%
Magic:  4/4        EV:  7    Int:  5    God:    Xom [..*...]
Gold:   62         SH:  5    Dex: 12    Spells: 4/4 levels left

rFire   . . .      SeeInvis .   a - +0 war axe
rCold   . . .      Faith    .   c - +0 buckler
rNeg    . . .      Spirit   .   k - +0 chain mail
rPois   .          Reflect  .   (helmet restricted)
rElec   .          Harm     .   (no cloak)
rCorr   .          Rampage  .   (no gloves)
Will    .....                   (no boots)
Stlth   ..........              (no amulet)
HPRegen 0.15/turn               (no ring)
MPRegen 0.09/turn               (no ring)

@: no status effects
A: horns 2, retaliatory headbutt
a: Renounce Religion


You were on level 3 of the Dungeon.
You worshipped Xom.
You were a toy of Xom.
You visited 1 branch of the dungeon, and saw 3 of its levels.

You collected 62 gold pieces.

Inventory:

Hand Weapons
 a - a +0 war axe (weapon)
Missiles
 j - 7 stones (quivered)
 m - 6 boomerangs
Armour
 b - a +0 scale mail
 c - a +0 buckler (worn)
 k - a +0 chain mail (worn)
Scrolls
 e - 2 scrolls of enchant armour
 f - 2 scrolls of identify
 g - a scroll of vulnerability {unknown}
 i - 3 scrolls of teleportation {unknown}
 l - a scroll of blinking {unknown}
 n - a scroll of summoning {unknown}
 q - a scroll of torment {unknown}
 r - 3 scrolls of brand weapon {unknown}
Potions
 d - a potion of might
 h - a potion of curing
 o - a potion of invisibility {unknown}
 p - a potion of heal wounds {unknown}
 s - a potion of berserk rage {unknown}
 t - a potion of attraction {unknown}


   Skills:
 + Level 4.5 Fighting
 * Level 5.2 Axes
 + Level 4.5 Armour
 + Level 0.7 Dodging
 + Level 0.5 Stealth
 + Level 4.2 Shields


You had 4 spell levels left.
You didn't know any spells.
Your spell library contained the following spells:

 Spells                   Type           Power      Damage    Failure   Level
 Beastly Appendage        Tmut           0%         N/A       100%        1
 Wereblood                Tmut           0%         N/A       100%        2
 Dazzling Flash           Conj/Hex       0%         N/A       100%        3
 Spider Form              Tmut/Pois      0%         N/A       100%        3
 Iskenderun's Mystic Bla  Conj/Tloc      0%         2d3       100%        4
 Starburst                Conj/Fire      0%         6d3       100%        6


Dungeon Overview and Level Annotations

Branches:
Dungeon (3/15)

Altars:
Ru
Xom

Shops:
D:2 !


Innate Abilities, Weirdness & Mutations

You have a pair of horns on your head.
You reflexively headbutt those who attack you in melee.


Message History

You barely miss the gnoll. Your headbutt misses the gnoll.
The gnoll is heavily wounded.
You hit the gnoll.
The gnoll hits you from afar with a +1 halberd of freezing.
The gnoll freezes you. The gnoll barely misses you.
You block the gnoll's attack.
You hit the gnoll but do no damage.
The gnoll is heavily wounded.
You hit the gnoll.
The gnoll hits you but does no damage. x2
The gnoll barely misses you.
You slash the gnoll!
You kill the gnoll!
You hit the gnoll.
You kill the gnoll!
The gnoll hits you but does no damage. The frilled lizard bites you.
The gnoll hits you from afar with a +1 halberd of freezing.
The gnoll freezes you.
You hit the frilled lizard but do no damage.
The frilled lizard bites you but does no damage.
You block the gnoll's attack.
You hit the frilled lizard but do no damage.
The gnoll hits you from afar with a +1 halberd of freezing.
* * * LOW HITPOINT WARNING * * *
The gnoll freezes you.
* * * LOW HITPOINT WARNING * * *
The frilled lizard barely misses you. You furiously retaliate!
You headbutt the frilled lizard.
You kill the frilled lizard!
It was a potion of curing.
You feel better.
The gnoll hits you from afar with a +1 halberd of freezing!
* * * LOW HITPOINT WARNING * * *
The gnoll freezes you.
* * * LOW HITPOINT WARNING * * *
You feel better.
The gnoll hits you from afar with a +1 halberd of freezing!
* * * LOW HITPOINT WARNING * * *
The gnoll freezes you.
* * * LOW HITPOINT WARNING * * *
The gnoll hits you with a +1 halberd of freezing.
You die...

... .. ... .. .. ... .
#. #.# ###. #)######.#
..# # .........# #.###.#
#.#......######.)g..####
#........'.(...)@.......
##.......##########.####
#........#
...#............
#..############# #..#
..... ...# ..... ...###
#..# ...... ...# #..#
...... .. w##


You could see a gnoll.

Vanquished Creatures
  A black bear (D:2)
  Jessica (D:2)
  3 gnolls (D:3)
  2 adders (D:2)
  A worm (D:2)
  A dart slug (D:3)
  An orc (D:2)
  10 ball pythons
  2 bats
  6 endoplasms
  A giant cockroach (D:1)
  5 goblins
  A hobgoblin (D:2)
  A quokka (D:1)
  6 frilled lizards
  2 kobolds (D:1)
  2 rats (D:2)
46 creatures vanquished.

Vanquished Creatures (others)
  74 plants (D:2)
74 creatures vanquished.

Grand Total: 120 creatures vanquished

Notes
Turn   | Place    | Note
-------+----------+-------------------------------------------
     0 | D:1      | fireball365 the Minotaur Fighter began the quest for the
                  | Orb.
     0 | D:1      | Reached XP level 1. HP: 19/19 MP: 0/0
   325 | D:1      | Found a faded altar of an unknown god.
   334 | D:1      | Prayed at the altar of an unknown god.
   334 | D:1      | Became a worshipper of Xom of Chaos
   373 | D:1      | Reached XP level 2. HP: 13/27 MP: 1/1
  1039 | D:1      | Reached skill level 3 in Axes
  1288 | D:1      | XOM: silly message
  1407 | D:2      | Found Ebloin's Distillery.
  1420 | D:2      | XOM: divination: magic mapping
  1479 | D:2      | Found a sacrificial altar of Ru.
  1511 | D:2      | Noticed a black bear
  1516 | D:2      | XOM: potion effect (might)
  1527 | D:2      | Killed a black bear
  1528 | D:2      | Reached skill level 4 in Axes
  1528 | D:2      | Reached XP level 3. HP: 31/34 MP: 2/2
  1528 | D:2      | Reached XP level 4. HP: 37/41 MP: 3/3
  1697 | D:2      | XOM: cloud trail
  1942 | D:2      | Reached XP level 5. HP: 27/47 MP: 4/4
  1952 | D:2      | Noticed Jessica
  1967 | D:2      | XOM: potion effect (berserk rage)
  1971 | D:2      | Killed Jessica
  2513 | D:3      | XOM: silly message
  2749 | D:3      | XOM: silly message
  2752 | D:3      | Reached skill level 5 in Axes
  2763 | D:3      | Slain by a gnoll

Illustrated notes

Levels and vault maps discovered:
D:1:      ncdulo_smallfort, layout_basic, ebering_ecumenical_altar_sacrificial
D:2:      layout_basic, basic_altar, serial_bayou, serial_bayou_pond_c,
          serial_bayou_crossing, serial_bayou_lagoon_b, serial_bayou_pond_a,
          serial_shops, shop, uniq_jessica
D:3:      layout_basic

Skill      XL: |  1  2  3  4  5 |
---------------+----------------+-----
Fighting       | 4 |  4.5
Shields        | 4 |  4.2
Axes           | 4 5 |  5.2
Armour         | 4 |  4.5
Dodging        | |  0.7
Stealth        | |  0.5

Action                   |  1- 3 |  4- 6 || total
-------------------------+-------+-------++-------
Melee: War axe           |    61 |   175 ||   236
       Headbutt          |     5 |    39 ||    44
  Use: Scroll            |     1 |       ||     1
       Potion            |       |     2 ||     2
 Stab: Paralysed         |       |     1 ||     1
Armor: Scale mail        |    13 |       ||    13
       Chain mail        |    21 |    28 ||    49
Dodge: Dodged            |    28 |    16 ||    44
Block: Buckler           |    17 |    21 ||    38
